cohdb
Replays
Latest Replays
All Replays
Popular Replays
Top Player Replays
Match Explorer
How It Works
Community
CoH3 Stats
Reddit
Sign in to upload your games and track your stats! →
Sign in with Steam
Match 47396125
Unlisted
Match 47396125
Overview
Messages
Build Orders
End
Construct Infanterie Kompanie
Selects Luftwaffe Battlegroup
Selects Luftwaffe Pioneer Support
Fallschirmpioneer Squad Paradrop
Grenadier Squad
MG 42 Machine Gun Team
Construct Luftwaffe Kompanie
Fallschirmpioneer Squad Paradrop
Medical Station
221 Scout Car
Selects Stuka Strafing Run
Selects Fallschirmjäger Squad Paradrop
Fallschirmjäger Squad Paradrop
Construct Panzer Kompanie
Selects Flak 38 Anti-Air Emplacement
Stoßtruppen Squad
Panzer IV Medium Tank
Selects Infantry Reserves
Pioneer Squad
Side Skirts
Stoßtruppen Squad
Pioneer Squad
Selects Stuka Loiter
Stuka Loiter
MG 42 Bunker
Panzer IV Medium Tank
Stoßtruppen Squad
Panzer IV Medium Tank
Muscle Wizard
Ghost
Tomsch
Angrybirds
0
0
Comments
sign in to comment!
No comments posted yet!